 Dungeon Crawl Stone Soup version 0.29.0-4-gdea44cf6ec (webtiles) character file.

Game seed: 13461652391804801447

868 qw the Cleaver (level 8, 0/46 HPs)
             Began as a Tengu Warper on Aug 28, 2022.
             Killed from afar by an orc wizard (3 damage)
             ... with a puff of flame
             ... on level 5 of the Dungeon.
             The game lasted 00:00:30 (4736 turns).

qw the Cleaver (Tengu Warper)                       Turns: 4736, Time: 00:00:31

Health: 0/46       AC:  8    Str: 14    XL:     8   Next: 3%
Magic:  0/12       EV:  8    Int: 14    God:
Gold:   225        SH:  0    Dex: 19    Spells: 11/11 levels left

rFire   . . .      SeeInvis .   Y - +1 hand axe
rCold   . . .      Faith    .   (no shield)
rNeg    . . .      Spirit   +   c - +0 chain mail
rPois   .          Reflect  .   (helmet restricted)
rElec   .          Harm     .   (no cloak)
rCorr   .          Rampage  .   (no gloves)
Will    .....                   (boots unavailable)
Stlth   ..........              i - amulet of guardian spirit
HPRegen 0.15/turn               n - +6 ring of dexterity
MPRegen 0.13/turn               (no ring)

@: flying quickly and evasively, quick
A: beak, talons 3, nimble flight
a: no special abilities


You were on level 5 of the Dungeon.
You visited 1 branch of the dungeon, and saw 5 of its levels.

You collected 321 gold pieces.
You spent 96 gold pieces at shops.


Innate Abilities, Weirdness & Mutations

You have a beak for a mouth.
You have claws for feet.
Your magical nature lets you fly swiftly and evasively.


   Skills:
 - Level 3.4 Fighting
 + Level 8.7 Axes
 - Level 2.2 Throwing
 - Level 2.6 Armour
 - Level 2.1 Dodging
 - Level 2.0 Spellcasting
 - Level 2.4 Translocations


You had 11 spell levels left.
You didn't know any spells.
Your spell library contained the following spells:

 Spells                   Type           Power      Damage    Failure   Level
 Blink                    Tloc           16%        N/A       98%         2
 Gell's Gravitas          Tloc           8%         N/A       100%        3
 Lesser Beckoning         Tloc           8%         N/A       100%        3
 Teleport Other           Tloc           8%         N/A       100%        3
 Manifold Assault         Tloc           8%         N/A       100%        5

Inventory:

Hand Weapons
 d - a +0 flail
 Y - a +1 hand axe (weapon)
Missiles
 e - 2 boomerangs
 j - a javelin (quivered)
Armour
 c - a +0 chain mail (worn)
Jewellery
 i - an amulet of guardian spirit (around neck)
 n - a +6 ring of dexterity (left hand)
Scrolls
 g - a scroll of identify
Potions
 b - a potion of haste
 f - a potion of cancellation
 l - 2 potions of curing

Dungeon Overview and Level Annotations

Branches:
Dungeon (5/15)             Temple (0/1) D:5

Altars:
Hepliaklqana
The Shining One

Shops:
D:3 !


Message History

The orc priest hits you but does no damage.
The orc wizard gestures at you while chanting.
The magic dart hits you.
You slash the orc wizard! Your peck misses the orc wizard.
The orc wizard is almost dead.
You closely miss the orc priest. You closely miss something.
You hear some strange, mumbled words.
A magic dart appears from out of thin air!
The magic dart hits you.
The orc priest hits you but does no damage.
The orc wizard hits you but does no damage.
You barely miss the orc wizard.
You claw the orc wizard, but do no damage.
The orc wizard is almost dead.
You hit the orc priest. You barely miss something. You hit the orc wizard.
You claw the orc wizard.
You kill the orc wizard!
You barely miss something. You barely miss the orc priest.
Something hits you but does no damage.
The orc priest hits you but does no damage.
You have reached level 8!
You feel stronger.
You slash the orc priest! Your kick misses the orc priest.
You peck the orc priest.
The orc priest is almost dead.
You hit something. Something hits you but does no damage.
The orc priest closely misses you.
You closely miss the orc priest. Your kick misses the orc priest.
You peck the orc priest.
The orc priest is almost dead.
You hit something. Something hits you but does no damage.
The orc priest hits you with a +0 club.
You hit the orc priest.
You kill the orc priest!
You barely miss something. Something hits you.
You barely miss something.
You hear some strange, mumbled words.
A puff of flame appears from out of thin air!
The puff of flame hits you.
You die...

..#....##%..####...##)..
..#..........).(...!....
.##....##...............
.##....##........7.7....
.......##...##....>.....
.......##...##...7.7....
........+...............
.##....##...............
.########.......@).##...
..# #...##..){.# o. ..#
#... #....)# . ..+ ...
......... ..# .
........(.. ..#
..........##'# ..#
..........# ... ..#
..........# .. ..#


There were no monsters in sight!

Vanquished Creatures
  Grinder (D:4)
  2 ogres
  2 scorpions
  A hound (D:4)
  An orc priest (D:5)
  2 iguanas (D:4)
  Natasha (thrice) (D:4)
  An orc wizard (D:5)
  3 adders
  2 white imps
  4 dart slugs
  10 orcs
  A bat (D:1)
  12 endoplasms
  4 giant cockroaches
  5 goblins
  10 hobgoblins
  10 jackals
  9 kobolds
  5 quokkas
  7 ball pythons
  3 frilled lizards
  6 rats
104 creatures vanquished.

Notes
Turn   | Place    | Note
-------+----------+-------------------------------------------
     0 | D:1      | qw the Tengu Warper began the quest for the Orb.
     0 | D:1      | Reached XP level 1. HP: 12/12 MP: 4/4
     0 | D:1      | 0 ||| qw: Version: 0.1-a-89-g26bdef1
     0 | D:1      | 0 ||| qw: Game counter: 2275
     0 | D:1      | 0 ||| qw: Always use a shield: true
     0 | D:1      | 0 ||| qw: God list: Okawaru
     0 | D:1      | 0 ||| qw: Allow faded altars: false
     0 | D:1      | 0 ||| qw: Do Orc after D:15 true
     0 | D:1      | 0 ||| qw: Do second Lair branch before Depths: true
     0 | D:1      | 0 ||| qw: Lair rune preference: random
     0 | D:1      | 0 ||| qw: Plans: Normal
     0 | D:1      | 0 ||| PLANNING D:1-11
     8 | D:1      | 8 ||| Stepping ~*~*~tactically~*~*~ (hiding).
     9 | D:1      | 9 ||| Stepping ~*~*~tactically~*~*~ (hiding).
    10 | D:1      | 10 ||| Stepping ~*~*~tactically~*~*~ (hiding).
    11 | D:1      | 11 ||| Stepping ~*~*~tactically~*~*~ (hiding).
   113 | D:1      | Reached XP level 2. HP: 17/17 MP: 6/6
   121 | D:1      | 121 ||| Stepping ~*~*~tactically~*~*~ (stealth).
   123 | D:1      | 123 ||| Stepping ~*~*~tactically~*~*~ (stealth).
   124 | D:1      | 124 ||| Stepping ~*~*~tactically~*~*~ (stealth).
   135 | D:1      | Reached skill level 3 in Axes
   160 | D:1      | HP: 4/17 [quokka (3)]
   512 | D:1      | 512 ||| Stepping ~*~*~tactically~*~*~ (hiding).
   513 | D:1      | 513 ||| Stepping ~*~*~tactically~*~*~ (hiding).
   518 | D:1      | 518 ||| Stepping ~*~*~tactically~*~*~ (hiding).
   520 | D:1      | 520 ||| Stepping ~*~*~tactically~*~*~ (hiding).
   685 | D:1      | Reached XP level 3. HP: 21/21 MP: 7/7
   947 | D:1      | 947 ||| UPGRADING to +0 ring mail.
   957 | D:1      | 957 ||| DROPPING +0 leather armour.
   958 | D:1      | 958 ||| DROPPING amulet of faith.
   959 | D:1      | 959 ||| DROPPING ring of wizardry.
   960 | D:1      | 960 ||| UPGRADING to +6 ring of dexterity.
   961 | D:1      | 961 ||| READING scroll labelled YTHRET LISOY.
   962 | D:1      | 962 ||| READING 4 scrolls labelled PALUOLIHIX.
   963 | D:1      | 963 ||| READING 2 scrolls labelled VIRROGRIMAS.
  1085 | D:1      | 1085 ||| DRINKING 2 blue potions.
  1086 | D:1      | 1086 ||| READING 3 scrolls of identify.
  1086 | D:1      | 1086 ||| IDENTIFYING pink potion
  1087 | D:1      | 1087 ||| READING 2 scrolls of identify.
  1087 | D:1      | 1087 ||| IDENTIFYING brown potion
  1088 | D:1      | 1088 ||| DROPPING scroll of blinking.
  1089 | D:1      | 1089 ||| DROPPING potion of brilliance.
  1090 | D:1      | 1090 ||| DROPPING potion of attraction.
  1091 | D:1      | 1091 ||| DROPPING scroll of torment.
  1121 | D:2      | Reached skill level 4 in Axes
  1150 | D:2      | 1150 ||| Stepping ~*~*~tactically~*~*~ (stealth).
  1349 | D:2      | 1349 ||| Stepping ~*~*~tactically~*~*~ (stealth).
  1355 | D:2      | 1355 ||| Stepping ~*~*~tactically~*~*~ (stealth).
  1619 | D:2      | Reached XP level 4. HP: 21/26 MP: 8/8
  1695 | D:2      | Found a faded altar of an unknown god.
  1917 | D:2      | 1917 ||| UPGRADING to amulet of guardian spirit.
  1922 | D:2      | 1922 ||| READING scroll labelled RUOCRUISMEK.
  1923 | D:2      | 1923 ||| READING scroll labelled NECSIS POH.
  1924 | D:2      | 1924 ||| READING scroll labelled QOITIU NIJOURGHAU.
  1925 | D:2      | 1925 ||| DRINKING 2 fuming ruby potions.
  1926 | D:2      | 1926 ||| READING 2 scrolls of identify.
  1926 | D:2      | 1926 ||| IDENTIFYING murky red potion
  1927 | D:2      | 1927 ||| DROPPING potion of degeneration.
  1972 | D:3      | 1972 ||| PLANNING SEWER
  1974 | D:3      | Found a glowing golden altar of the Shining One.
  2144 | D:3      | 2144 ||| Stepping ~*~*~tactically~*~*~ (stealth).
  2146 | D:3      | 2146 ||| Stepping ~*~*~tactically~*~*~ (stealth).
  2148 | D:3      | 2148 ||| Stepping ~*~*~tactically~*~*~ (stealth).
  2209 | D:3      | 2209 ||| DROPPING +0 whip.
  2214 | D:3      | Found Subigg's Distillery.
  2223 | D:3      | 2223 ||| BUYING potion of curing (36 gold).
  2223 | D:3      | Bought a potion of curing for 36 gold pieces
  2223 | D:3      | 2223 ||| BUYING potion of heal wounds (60 gold).
  2223 | D:3      | Bought a potion of heal wounds for 60 gold pieces
  2364 | D:3      | Reached skill level 5 in Axes
  2366 | D:3      | 2366 ||| DROPPING +3 whip.
  2412 | D:3      | 2412 ||| Stepping ~*~*~tactically~*~*~ (stealth).
  2413 | D:3      | 2413 ||| Stepping ~*~*~tactically~*~*~ (stealth).
  2415 | D:3      | 2415 ||| Stepping ~*~*~tactically~*~*~ (stealth).
  2592 | D:3      | 2592 ||| RIP SEWER
  2611 | D:3      | 2611 ||| PLANNING D:1-11
  2934 | D:3      | 2934 ||| UPGRADING to +0 chain mail.
  2944 | D:3      | 2944 ||| DROPPING +0 ring mail.
  2945 | D:3      | 2945 ||| READING scroll labelled TAFFODGHA YSISM.
  3053 | D:4      | 3053 ||| Stepping ~*~*~tactically~*~*~ (stealth).
  3171 | D:4      | Noticed Natasha
  3173 | D:4      | Gained mutation: Your magical nature lets you fly swiftly
                  | and evasively. [Tengu growth]
  3173 | D:4      | Reached XP level 5. HP: 27/30 MP: 7/9
  3177 | D:4      | Killed Natasha
  3246 | D:4      | HP: 7/30 [scorpion (3)]
  3247 | D:4      | 3247 ||| DRINKING 2 potions of heal wounds.
  3249 | D:4      | Reached skill level 6 in Axes
  3391 | D:4      | Noticed Natasha
  3392 | D:4      | 3392 ||| Stepping ~*~*~tactically~*~*~ (hiding).
  3398 | D:4      | Killed Natasha
  3399 | D:4      | Reached XP level 6. HP: 29/35 MP: 6/10
  3634 | D:4      | Found a hazy altar of Hepliaklqana.
  3638 | D:4      | Noticed Grinder
  3659 | D:4      | Killed Grinder
  3660 | D:4      | Reached skill level 7 in Axes
  3660 | D:4      | Reached XP level 7. HP: 20/40 MP: 7/11
  3692 | D:4      | 3692 ||| FLEEEEING.
  3693 | D:4      | 3693 ||| FLEEEEING.
  3694 | D:4      | 3694 ||| FLEEEEING.
  3695 | D:4      | 3695 ||| FLEEEEING.
  3696 | D:4      | 3696 ||| FLEEEEING.
  3697 | D:4      | 3697 ||| FLEEEEING.
  3698 | D:4      | 3698 ||| FLEEEEING.
  3699 | D:4      | 3699 ||| FLEEEEING.
  3700 | D:4      | 3700 ||| FLEEEEING.
  3701 | D:4      | 3701 ||| FLEEEEING.
  3702 | D:4      | 3702 ||| FLEEEEING.
  3703 | D:4      | 3703 ||| FLEEEEING.
  4112 | D:4      | HP: 10/40 [ogre/+0 giant club (13)]
  4113 | D:4      | 4113 ||| DRINKING potion of heal wounds.
  4117 | D:4      | Reached skill level 3 in Fighting
  4319 | D:4      | Noticed Natasha
  4320 | D:4      | 4320 ||| Stepping ~*~*~tactically~*~*~ (hiding).
  4321 | D:4      | 4321 ||| Stepping ~*~*~tactically~*~*~ (hiding).
  4328 | D:4      | Killed Natasha
  4352 | D:4      | 4352 ||| Stepping ~*~*~tactically~*~*~ (stealth).
  4363 | D:4      | Reached skill level 8 in Axes
  4542 | D:4      | 4542 ||| READING scroll labelled OLALOI APAZUTT.
  4543 | D:4      | 4543 ||| READING scroll labelled EFFANTO HEUCU.
  4560 | D:5      | Entered Level 5 of the Dungeon
  4712 | D:5      | Found a staircase to the Ecumenical Temple.
  4713 | D:5      | 4713 ||| PLANNING TEMPLE
  4713 | D:5      | 4713 ||| READING 2 scrolls of identify.
  4713 | D:5      | 4713 ||| IDENTIFYING fuming coppery potion
  4719 | D:5      | 4719 ||| Stepping ~*~*~tactically~*~*~ (hiding).
  4720 | D:5      | 4720 ||| Stepping ~*~*~tactically~*~*~ (hiding).
  4728 | D:5      | HP: 9/41 [orc priest/divine providence (10)]
  4733 | D:5      | Reached XP level 8. HP: 6/46 MP: 1/12
  4734 | D:5      | HP: 4/46 [orc priest/+0 club (2)]
  4736 | D:5      | Killed from afar by an orc wizard

Levels and vault maps discovered:
D:1:      mrwooster_arrival_statue, layout_rooms
D:2:      layout_loops_ring, dreamdust_ecumenical_altar_statues,
          minmay_quantized
D:3:      layout_loops_corners, mainiacjoe_overflow_small_starburst,
          serial_shops, nicolae_diamond_shop, portal_sewer_entry_f
D:4:      kb_forest_paths, layout_gridville, mainiacjoe_overflow_brackets,
          uniq_natasha, uniq_grinder
D:5:      layout_gridville, nicolae_overflow_hidden_temple,
          minmay_temple_entry_trees

Skill      XL: |  1  2  3  4  5  6  7 |
---------------+----------------------+-----
Axes           | 3 4 5 6 7 8 |  8.7
Armour         | 2 |  2.6
Fighting       | 3 |  3.4
Throwing       | 2 |  2.2
Dodging        | |  2.1
Spellcasting   | |  2.0
Translocations | |  2.4

Action                   |  1- 3 |  4- 6 |  7- 9 || total
-------------------------+-------+-------+-------++-------
Melee: Hand axe          |    70 |   116 |    65 ||   251
       Kick              |    18 |    32 |    22 ||    72
       Peck              |     9 |    18 |    16 ||    43
       Punch             |       |       |     1 ||     1
Throw: Boomerang         |     7 |     1 |       ||     8
       Javelin           |     8 |    25 |    16 ||    49
  Use: Scroll            |     5 |     5 |     3 ||    13
       Potion            |     1 |     2 |     1 ||     4
Armor: Leather armour    |     4 |       |       ||     4
       Ring mail         |     9 |    18 |       ||    27
       Chain mail        |       |    29 |    39 ||    68
Dodge: Dodged            |    33 |    47 |    13 ||    93

Table legend:
 A = Non-vault XP
 B = Vault XP
 C = Vault XP percentage of total XP
 D = Non-vault monster count
 E = Vault monster count
 F = Vault count percentage of total count
                 A         B        C        D         E       F
            +---------+---------+-------+---------+---------+-------
      Total |     769 |     471 |  38.0 |      89 |      15 |  14.4
            +---------+---------+-------+---------+---------+-------
        D:1 |      43 |       0 |   0.0 |      23 |       0 |   0.0
        D:2 |      46 |       5 |   9.8 |      18 |       3 |  14.3
        D:3 |      33 |       8 |  19.5 |      16 |       4 |  20.0
        D:4 |     334 |     458 |  57.8 |      24 |       8 |  25.0
        D:5 |     313 |       0 |   0.0 |       8 |       0 |   0.0
            +---------+---------+-------+---------+---------+-------
